 Dungeon Crawl Stone Soup version 0.20.1-1-g8b1a95d (webtiles) character file.

2216 Mesmaeker13 the Cudgeler (level 9, -1/67 HPs)
             Began as a Black Draconian Skald on Aug 26, 2017.
             Was an Initiate of Gozag.
             Slain by a two-headed ogre
             ... wielding a +0 giant spiked club
              (11 damage)
             ... on level 8 of the Dungeon.
             The game lasted 00:14:54 (5534 turns).

Mesmaeker13 the Cudgeler (Black Draconian Skald)    Turns: 5534, Time: 00:14:54

Health: -1/67      AC:  8    Str: 14    XL:     9   Next: 13%
Magic:  11/12      EV: 21    Int: 17    God:    Gozag
Gold:   135        SH:  0    Dex: 15    Spells: 1/12 levels left

rFire    + . .     SeeInvis .   e - +4 whip (drain)
rCold    + . .     Gourm    .   (no shield)
rNeg     . . .     Faith    .   (armour unavailable)
rPois    +         Spirit   .   (helmet restricted)
rElec    +         Reflect  .   m - +0 cloak
rCorr    +         Harm     .   (no gloves)
MR       +....                  (no boots)
Stlth    ++........             (no amulet)
Regen    0.3/turn               r - ring of protection from magic
MPRegen  0.2/turn               (no ring)

@: agile, resistant
A: breathe lightning, unfitting armour, electricity resistance, cold-blooded, AC
+7
a: Breathe Lightning, Potion Petition, Call Merchant, Bribe Branch, Renounce
Religion


You were on level 8 of the Dungeon.
You worshipped Gozag.
Gozag was aware of your devotion.
You were hungry.

You visited 2 branches of the dungeon, and saw 9 of its levels.

You collected 537 gold pieces.
You paid 402 gold pieces to Gozag.

Inventory:

Hand Weapons
 e - a +4 whip of draining (weapon)
Missiles
 t - a throwing net (quivered)
 v - 5 curare-tipped needles
Armour
 m - a +0 cloak (worn)
Jewellery
 r - a ring of protection from magic (left hand)
Wands
 w - a wand of paralysis (10/24)
Scrolls
 d - 2 scrolls of immolation
 f - a scroll of enchant weapon {unknown}
 g - 2 scrolls of enchant armour
 h - 2 scrolls of remove curse
 i - 2 scrolls of magic mapping
 j - 2 scrolls of fog
 l - a scroll of identify
 n - 2 scrolls of teleportation {unknown}
 o - a scroll of recharging {unknown}
 p - 2 scrolls of noise {unknown}
 s - a scroll of blinking {unknown}
Potions
 u - a potion of brilliance
 x - a potion of haste {unknown}
Books
 b - a book of Battle

   Spells                             Type                      Level
   a - Infusion                       Charms                       1
   b - Shroud of Golubria             Charms/Translocation         2
   c - Song of Slaying                Charms                       2
   d - Spectral Weapon                Hexes/Charms                 3
   e - Regeneration                   Charms/Necromancy            3
Comestibles
 a - a fruit
 c - 3 bread rations
 k - 2 royal jellies
 q - 2 meat rations


   Skills:
 - Level 2.1 Fighting
 + Level 6.4 Maces & Flails
 + Level 6.1 Dodging
 - Level 2.0 Spellcasting
 + Level 2.8 Hexes
 + Level 6.3 Charms
 - Level 4.0 Translocations


You had one spell level left.
You knew the following spells:

 Your Spells              Type           Power        Failure   Level  Hunger
a - Infusion              Chrm           ###.         1%          1    #......
b - Shroud of Golubria    Chrm/Tloc      ###.......   3%          2    ###....
c - Song of Slaying       Chrm           ###.....     2%          2    ###....
d - Regeneration          Chrm/Necr      ##........   16%         3    ###....
e - Spectral Weapon       Hex/Chrm       ###.....     9%          3    ###....


Dungeon Overview and Level Annotations

Branches:
Dungeon (7/15)             Temple (1/1) D:6

Altars:
Ashenzari
Cheibriados
Dithmenos
Elyvilon
Fedhas
Gozag
Kikubaaqudgha
Makhleb
Nemelex Xobeh
Qazlal
Ru
Sif Muna
Trog
Uskayaw
Vehumet
Yredelemnul
Zin

Annotations:
D:6 Terandir's ghost, novice MiFi
D:8 Psyche


Innate Abilities, Weirdness & Mutations

You can breathe wild blasts of lightning.
Your glossy black scales are hard. (AC +7)
You cannot fit into any form of body armour.
You are resistant to electric shocks. (rElec)
You are cold-blooded and may be slowed by cold attacks.


Message History

[a] - 294 gold - resistance and agility [b] - 630 gold - heal wounds, curing, berserk rage and magic [c] - 442 gold - haste, flight and agility Purchase which effect? [a] - 294 gold - resistance and agility [b] - 630 gold - heal wounds, curing, berserk rage and magic [c] - 442 gold - haste, flight and agility Purchase which effect? [a] - 294 gold - resistance and agility [b] - 630 gold - heal wounds, curing, berserk rage and magic [c] - 442 gold - haste, flight and agility Purchase which effect?
You no longer have enough gold to petition Gozag for potion effects.
You feel protected.
You feel agile all of a sudden.
Psyche says, "I'm so lonely.
Only corpses are my friends."
The two-headed ogre hits you with a giant spiked club!!
* * * LOW HITPOINT WARNING * * *
The two-headed ogre hits you with a giant club!
You die...
Your body crumbles into a pile of gold.

.............
. ... .......
#. @....?...
#. .......
#.. .#...
#..#...
#....O#
#....@#
........#
........#
.(.#..Zo. .#
##.... #.....
#.....
#......


You could see a two-headed ogre, Psyche, an orc and a bullfrog zombie.

Vanquished Creatures
  Prince Ribbit (D:7)
  A hippogriff (D:5)
  Sigmund (D:2)
  A water moccasin (D:7)
  A phantom (D:5)
  A black bear (D:6)
  2 ogres
  A centaur (D:6)
  A bullfrog (D:6)
  Blork the orc (D:4)
  2 scorpions
  2 howler monkeys
  2 crimson imps (D:5)
  A bullfrog zombie (D:6)
  3 hounds
  A jelly (D:7)
  2 bullfrog skeletons
  2 iguanas
  3 orc priests
  2 orc wizards
  Terence (D:2)
  5 worker ants
  9 adders
  6 shadow imps
  3 adder skeletons
  2 worms (D:3)
  A dart slug (D:2)
  3 leopard geckos
  20 orcs
  3 bats
  4 giant cockroaches
  2 goblins
  5 hobgoblins
  5 jackals
  5 kobolds
  3 quokkas
  A ball python (D:7)
  4 frilled lizards
  A quokka zombie (D:5)
  8 rats
122 creatures vanquished.

Vanquished Creatures (others)
  A wizard (D:3)
1 creature vanquished.

Grand Total: 123 creatures vanquished

Notes
Turn   | Place    | Note
-------+----------+-------------------------------------------
     0 | D:1      | Mesmaeker13 the Draconian Skald began the quest for the Orb.
     0 | D:1      | Reached XP level 1. HP: 17/17 MP: 3/3
   272 | D:1      | Reached XP level 2. HP: 24/24 MP: 5/5
  1061 | D:1      | Learned a level 2 spell: Shroud of Golubria
  1145 | D:2      | Reached XP level 3. HP: 26/29 MP: 6/6
  1208 | D:2      | Found a deep blue altar of Sif Muna.
  1218 | D:2      | Noticed Terence
  1231 | D:2      | Killed Terence
  1251 | D:2      | Noticed Sigmund
  1266 | D:2      | Killed Sigmund
  1266 | D:2      | Reached XP level 4. HP: 36/36 MP: 0/7
  1266 | D:2      | Reached XP level 5. HP: 41/41 MP: 0/8
  1497 | D:2      | Found a faded altar of an unknown god.
  1805 | D:3      | Found a shattered altar of Ashenzari.
  1872 | D:3      | Found a white marble altar of Elyvilon.
  2214 | D:3      | Reached XP level 6. HP: 48/48 MP: 9/9
  2230 | D:3      | Found a bloodstained altar of Trog.
  2231 | D:3      | Noticed a wizard
  2237 | D:3      | Killed a wizard
  2390 | D:3      | Learned a level 2 spell: Song of Slaying
  2448 | D:4      | Reached skill level 1 in Translocations
  2568 | D:4      | Got a fine rapier {chaos}
  2619 | D:4      | Your scales start taking on a glossy black colour.
  2619 | D:4      | Reached XP level 7. HP: 55/55 MP: 10/10
  2619 | D:4      | Gained mutation: You are resistant to electric shocks. (rElec) [Black Draconian growth]
  2631 | D:4      | Identified the cursed +1 rapier "Alarabb" {chaos, -Tele +Rage +Fly MP+9} (You took it off an orc on level 4 of the Dungeon)
  2858 | D:4      | Learned a level 3 spell: Regeneration
  3166 | D:4      | Noticed Blork the orc
  3175 | D:4      | Killed Blork the orc
  3386 | D:5      | Entered Level 5 of the Dungeon
  3483 | D:5      | Found a shadowy altar of Dithmenos.
  3562 | D:5      | Reached skill level 5 in Charms
  3619 | D:5      | Reached skill level 5 in Maces & Flails
  3952 | D:5      | Noticed a hippogriff
  3961 | D:5      | Killed a hippogriff
  3961 | D:5      | Reached skill level 5 in Dodging
  3961 | D:5      | Reached XP level 8. HP: 27/61 MP: 3/11
  4197 | D:5      | Found a hide-covered altar of Uskayaw.
  4462 | D:6      | Noticed Terandir's ghost (novice MiFi)
  4523 | D:6      | Learned a level 3 spell: Spectral Weapon
  4568 | D:6      | Found a staircase to the Ecumenical Temple.
  4575 | Temple   | Entered the Ecumenical Temple
  4636 | Temple   | Became a worshipper of Gozag Ym Sagoz the Greedy
  4734 | D:6      | Reached skill level 1 in Hexes
  4939 | D:6      | Found an ancient bone altar of Kikubaaqudgha.
  5378 | D:7      | Found a snail-covered altar of Cheibriados.
  5388 | D:7      | Noticed Prince Ribbit
  5462 | D:7      | Reached XP level 9. HP: 46/67 MP: 9/12
  5505 | D:7      | Killed Prince Ribbit
  5529 | D:7      | Found a sparkling altar of Nemelex Xobeh.
  5530 | D:7      | You fall through a shaft!
  5530 | D:8      | Noticed a two-headed ogre
  5533 | D:8      | Noticed Psyche
  5534 | D:8      | Slain by a two-headed ogre

Skill      XL: |  1  2  3  4  5  6  7  8 |
---------------+-------------------------+-----
Charms         | 3 4 5 6 |  6.3
Maces & Flails | 3 4 5 6 |  6.4
Dodging        | 3 4 5 6 |  6.1
Translocations | 1 3 4 |  4.0
Hexes          | 2 |  2.8
Fighting       | |  2.1
Spellcasting   | |  2.0

Action                   |  1- 3 |  4- 6 |  7- 9 || total
-------------------------+-------+-------+-------++-------
Melee: Mace              |    44 |       |       ||    44
       Whip              |    51 |    85 |   271 ||   407
       Tailslap          |     5 |     9 |    24 ||    38
Throw: Throwing net      |       |       |     2 ||     2
 Cast: Infusion          |     6 |     1 |     8 ||    15
       Shroud of Golubri |     2 |     2 |    12 ||    16
       Regeneration      |       |       |     4 ||     4
       Spectral Weapon   |       |       |     1 ||     1
Invok: Potion Petition   |       |       |     2 ||     2
 Abil: Breathe Lightning |       |       |     8 ||     8
Evoke: Wand              |       |       |     1 ||     1
  Use: Scroll            |     1 |     2 |     7 ||    10
       Potion            |       |       |     4 ||     4
 Stab: Distracted        |       |       |     1 ||     1
  Eat: Chunk             |     1 |     5 |     7 ||    13
       Meat ration       |       |       |     1 ||     1
Armor: Skin              |    19 |    16 |    97 ||   132
Dodge: Dodged            |    57 |    41 |   167 ||   265
